 Dungeon Crawl Stone Soup version 0.30-a0-377-g5cb311bc9f (webtiles) character file.

Game seed: 10129872469141852323

21 qeuew the Trooper (level 2, 0/24 HPs)
             Began as a Demonspawn Chaos Knight on Nov 29, 2022.
             Was a Plaything of Xom.
             Frozen to death by an endoplasm (5 damage)
             ... on level 1 of the Dungeon.
             The game lasted 00:00:29 (147 turns).

qeuew the Trooper (Demonspawn Chaos Knight)          Turns: 147, Time: 00:00:30

Health: 0/24       AC:  5    Str: 12    XL:     2   Next: 65%
Magic:  2/2        EV: 11    Int: 13    God:    Xom [..*...]
Gold:   26         SH:  0    Dex: 12    Spells: 1/1 levels left

rFire   . . .      SeeInvis .    a - +0 mace (chaos)
rCold   . . .      Faith    .    (no shield)
rNeg    . . .      Spirit   .    b - +2 leather armour
rPois   .          Reflect  .    (helmet restricted)
rElec   .          Harm     .    (no cloak)
rCorr   .          Rampage  .    (no gloves)
Will    .....                    (no boots)
Stlth   +.........               (no amulet)
HPRegen 0.24/turn                (no ring)
MPRegen 0.08/turn                (no ring)

@: no status effects
A: antennae 1
a: Renounce Religion


You were on level 1 of the Dungeon.
You worshipped Xom.
You were a toy of Xom.
You visited 1 branch of the dungeon, and saw 1 of its levels.

You collected 26 gold pieces.

Inventory:

Hand Weapons
 a - a +0 mace of chaos (weapon)
Armour
 b - a +2 leather armour (worn)
Miscellaneous
 c - a piece from Xom's chessboard (15/15) (quivered)


   Skills:
 * Level 3.2 Fighting
 + Level 2.9 Maces & Flails
 + Level 2.0 Armour
 + Level 1.3 Dodging
 + Level 0.7 Evocations


You had one spell level left.
You didn't know any spells.
Your spell library was empty.

Dungeon Overview and Level Annotations

Branches:
Dungeon (1/15)

Altars:


Innate Abilities, Weirdness & Mutations

You have a pair of small antennae on your head.


Message History

You flicker back into view.
The jackal barely misses you. The giant cockroach closely misses you.
The goblin barely misses you. The jackal bites you.
You barely miss the giant cockroach.
The giant cockroach is heavily wounded.
The giant cockroach bites you but does no damage.
The jackal barely misses you. The goblin hits you but does no damage.
The giant cockroach barely misses you.
You hit the giant cockroach. You freeze the giant cockroach.
The giant cockroach is almost dead.
The jackal misses you.
The goblin hits you with a +2 dagger of holy wrath.
You convulse.
The jackal barely misses you.
The giant cockroach bites you but does no damage.
You hit the giant cockroach. You freeze the giant cockroach.
You kill the giant cockroach!
The jackal barely misses you.
The goblin hits you with a +2 dagger of holy wrath.
You convulse.
The jackal bites you but does no damage.
The endoplasm freezes you.
You are frozen.
* * * LOW HITPOINT WARNING * * *
The goblin hits you but does no damage.
Unknown command.
You hit the jackal but do no damage. The jackal barely misses you.
The endoplasm misses you. The goblin hits you but does no damage.
The jackal bites you but does no damage.
You aren't carrying any potions.
You aren't carrying any scrolls.
Unknown command.
You closely miss the jackal.
The jackal bites you but does no damage.
The endoplasm hits you but does no damage.
The goblin misses you.
You completely miss the endoplasm. The jackal misses you.
The goblin closely misses you. The endoplasm freezes you.
You are frozen.
You die...

........#. ....
........#.
#..#.........(. #..#.#
#..... .....#####.....
#..............
.)########.##....##.....
....[.J....##.##.#######
......h@...##.##.#######
......g....)............
..........#....#........
........................
..........#######.......
..........# ........
..........# #.......
..........# #..#####
....#.# #.##.#####


You could see an endoplasm, a jackal and a goblin.

Vanquished Creatures
  A dart slug (D:1)
  An endoplasm (D:1)
  2 giant cockroaches (D:1)
  3 goblins (D:1)
  A hobgoblin (D:1)
  5 jackals (D:1)
  A bat (D:1)
  2 rats (D:1)
16 creatures vanquished.

Notes
Turn   | Place    | Note
-------+----------+-------------------------------------------
     0 | D:1      | qeuew the Demonspawn Chaos Knight began the quest for the
                  | Orb.
     0 | D:1      | Reached XP level 1. HP: 18/18 MP: 1/1
    22 | D:1      | Reached skill level 1 in Dodging
    33 | D:1      | Gained mutation: You have a pair of small antennae on your
                  | head. [demonic ancestry]
    33 | D:1      | Reached XP level 2. HP: 16/24 MP: 2/2
   123 | D:1      | XOM: potion effect (invisibility)
   147 | D:1      | Frozen to death by an endoplasm

Illustrated notes

Levels and vault maps discovered:
D:1:      ncdulo_watergridlock, layout_basic

Skill      XL: |  1  2 |
---------------+-------+-----
Dodging        | 1 |  1.3
Armour         | 2 |  2.0
Fighting       | |  3.2
Maces & Flails | |  2.9
Evocations     | |  0.7

Action                   || total
-------------------------++-------
Melee: Mace              ||    39
Armor: Leather armour    ||    20
Dodge: Dodged            ||    37

Table legend: (Time is in decaauts)
 A = Elapsed time spent in this place.
 B = Non-inter-level travel time spent in this place.
 C = Inter-level travel time spent in this place.
 D = Time resting spent in this place.
 E = Time spent auto-exploring this place.
 F = Levels seen in this place.
 G = Mean time per level.
                   A        B        C        D        E       F      G
               +--------+--------+--------+--------+--------+-----+--------+
         Total |    157 |    157 |      0 |      0 |     76 |   1 |  157.0 |
       Dungeon |    157 |    157 |      0 |      0 |     76 |   1 |  157.0 |
               +--------+--------+--------+--------+--------+-----+--------+

Top non-repeatable levels by time:
     D:1: 157 daAuts
